Map: 匹昂台地

Players

doudou

  • Race: Terran Terran
  • League: Master

Psmoonsun

  • Race: Terran Terran
  • League: Master

PsRush

  • Race: Protoss Protoss
  • League: Master

开局要打鸡儿盒饭

  • Race: Protoss Protoss
  • League: Master

Event: GPL 2015 - Grand Finals

VOD

Have the link to the VOD?

Description

Time

  • Played on: Jan. 16, 2016, 9:30 a.m.
  • Length: 11:19

All games in this series

Show
View Real Time Build Order
Export as new Build Order

doudou Terran 

Build Orders: Cyclone Opening, MMM Bio 

Get SALT Encoding   

  12  0:00  SCV  
  13  0:13  SCV  
  14  0:18  Supply Depot  
  14  0:25  SCV  
  15  0:39  SCV  
  16  0:44  Barracks  
  16  0:46  Refinery  
  16  0:51  SCV  
  17  1:03  Refinery  
  17  1:04  SCV  
  18  1:16  SCV  
  19  1:30  Orbital Command  
  19  1:31  Reaper  
  20  1:40  Supply Depot  
  20  1:49  Factory  
  20  1:56  SCV  
  21  2:03  Reaper  
  22  2:08  SCV  
  23  2:20  SCV  
  24  2:33  SCV  
  24  2:35  Reaper  
  24  2:36  Factory Tech Lab  
  26  2:37  Starport  
  26  2:45  SCV  
  26  2:46  Supply Depot  
  27  2:57  SCV  
  28  2:59  Cyclone  
  31  3:09  Command Center  
  31  3:20  SCV  
  31  3:21  Barracks  
  35  3:31  Cyclone  
  35  3:33  SCV  
  36  3:36  Supply Depot  
  36  3:42  Engineering Bay  
  36  3:46  SCV  
  37  3:58  Supply Depot, SCV  
  41  4:03  Cyclone  
  41  4:07  Liberator  
  40  4:10  SCV  
  41  4:18  Marine  
  41  4:23  Orbital Command  
  42  4:26  SCV  
  46  4:37  Barracks Reactor  
  46  4:43  SCV  
  47  4:48  Barracks  
  47  4:49  SCV  
  47  4:51  Barracks  
  47  4:55  SCV  
  47  4:57  Widow Mine  
  50  5:01  SCV  
  50  5:05  Supply Depot  
  50  5:06  Terran Infantry Weapons Level 1  
  51  5:08  SCV  
  51  5:13  SCV  
  53  5:15  Marine x2  
  53  5:20  SCV  
  56  5:25  Widow Mine  
  56  5:26  SCV  
  59  5:30  Supply Depot  
  59  5:32  SCV  
  60  5:37  Barracks Tech Lab  
  60  5:38  Starport Reactor, SCV  
  60  5:40  Stimpack  
  60  5:42  Barracks  
  61  5:44  Barracks, SCV  
  61  5:46  Marine  
  63  5:52  Refinery  
  63  5:53  Supply Depot, Refinery  
  63  5:55  Combat Shields, Missile Turret  
  62  5:57  Supply Depot, Marine  
  63  6:06  Widow Mine  
  63  6:07  Marine  
  63  6:08  Marauder  
  63  6:09  SCV  
  68  6:20  Marauder, Marine  
  68  6:25  Marine, Medivac  
  73  6:29  Marine  
  73  6:33  SCV  
  73  6:39  Marauder, Marine  
  75  6:46  Marauder, Marine x2  
  68  6:48  Marine  
  68  6:53  SCV  
  61  6:57  Marine  
  61  7:01  Marauder  
  60  7:02  Bunker  
  60  7:04  Marine  
  60  7:08  Marauder, SCV  
  63  7:11  SCV  
  65  7:17  Terran Infantry Armor Level 1  
  65  7:19  Barracks Reactor  
  65  7:21  Barracks Tech Lab, SCV  
  65  7:23  SCV  
  65  7:25  Medivac  
  68  7:33  SCV  
  68  7:35  SCV  
  70  7:37  Supply Depot  
  70  7:39  Factory Reactor, Marauder, Marine  
  72  7:44  Marine  
  72  7:45  SCV  
  72  7:47  SCV  
  72  7:48  Marauder, Marine  
  78  7:52  Supply Depot  
  78  7:56  Marine  
  78  7:57  SCV  
  80  7:59  SCV  
  80  8:00  Supply Depot  
  81  8:06  Marine  
  81  8:09  SCV  
  81  8:10  Marine  
  81  8:11  Marauder, Medivac x2  
  90  8:19  Command Center  
  90  8:20  Marauder, Marine  
  90  8:23  Marauder  
  90  8:25  Widow Mine  
  97  8:34  Widow Mine  
  97  8:35  Marine  
  97  8:36  Marauder  
  101  8:42  Marauder, Marine, Medivac  
  106  8:53  Medivac  
  106  8:54  SCV  
  110  8:55  SCV  
  110  8:57  Liberator  
  110  8:58  Supply Depot  
  110  9:02  Marine x2  
  112  9:07  SCV  
  113  9:15  Widow Mine x2  
  113  9:16  Marauder  
  122  9:20  Supply Depot x2  
  121  9:24  Marine  
  121  9:29  Marine  
  118  9:35  Marine x3  
  118  9:37  SCV  
  120  9:38  SCV  
  120  9:44  Armory, Marine, Starport  
  120  9:50  Marine  
  120  9:51  Engineering Bay, Marauder  
  122  9:56  Marine  
  122  9:59  Marine  
  85  10:00  Liberator  
  120  10:03  Marine  
  105  10:09  Marine  
  105  10:12  Marine x2  
  105  10:13  Marine  
  98  10:14  SCV  
  98  10:15  Orbital Command  
  98  10:16  Marine  
  98  10:18  Liberator  
  102  10:23  Marine x2  
  104  10:31  Marauder, SCV  
  107  10:36  SCV  
  107  10:41  Marine  
  107  10:42  SCV  
  113  10:43  SCV  
  113  10:46  Marine  
  113  10:48  SCV  
  114  10:51  Marauder  
  114  10:54  Marauder  
  99  10:58  Marine  
Show
View Real Time Build Order
Export as new Build Order

Psmoonsun Terran 

Build Orders:  

Get SALT Encoding   

  12  0:00  Probe (Chrono Boost)  
  13  0:11  Probe (Chrono Boost)  
  14  0:17  Pylon  
  14  0:22  Probe (Chrono Boost)  
  15  0:35  Probe (Chrono Boost)  
  16  0:36  Gateway  
  16  0:44  Assimilator  
  16  0:46  Probe (Chrono Boost)  
  17  0:57  Probe (Chrono Boost)  
  18  1:08  Probe (Chrono Boost)  
  19  1:18  Probe (Chrono Boost)  
  20  1:25  Nexus  
  20  1:29  Probe (Chrono Boost)  
  21  1:37  Cybernetics Core  
  21  1:46  Assimilator  
  21  1:47  Zealot (Chrono Boost)  
  23  1:58  Pylon  
  23  2:16  Mothership Core (Chrono Boost)  
  24  2:27  Warp Gate, Adept (Chrono Boost)  
  25  2:35  Probe (Chrono Boost)  
  24  2:37  Probe (Chrono Boost)  
  25  2:46  Probe  
  25  2:47  Probe  
  27  2:56  Adept (Chrono Boost)  
  27  2:57  Probe  
  27  2:58  Probe  
  31  3:11  Stargate  
  31  3:14  Probe  
  31  3:15  Probe  
  33  3:22  Adept (Chrono Boost)  
  33  3:26  Probe  
  36  3:28  Probe  
  37  3:37  Pylon  
  37  3:38  Probe (Chrono Boost)  
  37  3:40  Probe (Chrono Boost)  
  39  3:49  Stalker, Probe (Chrono Boost)  
  39  3:53  Probe (Chrono Boost)  
  43  3:57  Phoenix (Chrono Boost)  
  45  4:04  Probe  
  45  4:06  Probe  
  47  4:13  Pylon  
  47  4:16  Gateway  
  47  4:26  Probe  
  47  4:28  Gateway  
  47  4:29  Pylon  
  47  4:30  Probe  
  49  4:34  Phoenix (Chrono Boost)  
  49  4:36  Adept  
  53  4:42  Probe  
  53  4:43  Probe  
  55  4:46  Assimilator  
  55  4:54  Stalker  
  55  4:55  Phoenix (Chrono Boost)  
  53  5:00  Probe  
  53  5:01  Pylon, Probe  
  55  5:13  Phoenix  
  55  5:14  Probe x2  
  55  5:18  Stalker  
  61  5:22  Adept  
  61  5:26  Probe  
  64  5:28  Assimilator  
  64  5:32  Stalker  
  66  5:36  Probe  
  66  5:41  Robotics Facility  
  67  5:43  Stalker, Pylon  
  67  5:47  Probe  
  67  5:48  Probe  
  71  5:56  Stalker x2  
  75  6:00  Probe  
  75  6:01  Pylon  
  75  6:02  Phoenix  
  76  6:08  Probe  
  79  6:31  Probe  
  80  6:39  Probe  
  79  6:40  Stalker x2  
  79  6:41  Stalker  
  79  6:43  Probe  
  79  6:45  Phoenix  
  84  6:53  Probe  
  83  6:55  Observer, Probe  
  83  6:57  Nexus  
  81  7:05  Probe  
  81  7:07  Probe  
  81  7:08  Adept x2, Phoenix  
  81  7:09  Adept  
  89  7:17  Probe  
  89  7:19  Twilight Council  
  89  7:21  Pylon, Warp Prism (Chrono Boost)  
  92  7:25  Probe  
  93  7:30  Pylon  
  93  7:32  Pylon  
  93  7:36  Probe  
  94  7:39  Phoenix  
  94  7:40  Pylon  
  96  7:45  Probe  
  96  7:48  Probe  
  96  7:50  Gateway  
  98  7:51  Gateway  
  98  7:56  Observer (Chrono Boost)  
  98  7:57  Probe  
  100  8:00  Probe  
  100  8:08  Resonating Glaives (Chrono Boost)  
  100  8:09  Probe  
  100  8:10  Probe  
  100  8:12  Probe, Phoenix  
  105  8:13  Assimilator  
  105  8:14  Immortal  
  105  8:17  Assimilator  
  109  8:21  Probe  
  110  8:30  Gateway, Adept  
  110  8:31  Gateway, Adept  
  114  8:42  Pylon  
  114  8:45  Phoenix (Chrono Boost)  
  114  8:47  Sentry  
  118  8:49  Immortal  
  122  9:01  Sentry x3  
  128  9:02  Adept  
  128  9:03  Forge  
  128  9:04  Forge  
  128  9:08  Phoenix (Chrono Boost)  
  132  9:13  Adept  
  132  9:16  Pylon  
  133  9:28  Adept x3  
  133  9:30  Immortal  
  133  9:31  Protoss Ground Armor Level 1 (Chrono Boost)  
  143  9:34  Phoenix  
  145  9:42  Nexus  
  145  9:47  Pylon  
  145  9:55  Adept x4  
  145  9:56  Adept x2  
  145  9:59  Pylon  
  157  10:03  Pylon x2  
  147  10:14  Adept  
  145  10:25  Phoenix  
  150  10:35  Observer (Chrono Boost), Nexus  
  147  10:39  Adept x7  
  131  11:04  Adept  
  131  11:05  Adept x6  
Show
View Real Time Build Order
Export as new Build Order

PsRush Protoss 

Build Orders:  

Get SALT Encoding   

Show
View Real Time Build Order
Export as new Build Order

开局要打鸡儿盒饭 Protoss 

Build Orders:  

Get SALT Encoding   

Tags
 
Add a new tag
Caveats
  • Supply blocks, unpowered buildings, or Contaminate may cause inaccurate times.
  • Supply counts are checked every 10 seconds.